 Dungeon Crawl Stone Soup version 0.27-a0-1532-gca18f49f40 (console) character file.

Game seed: 3820552964196782557

19496 jejorda2 the Impaler (level 12, -1/136 HPs)
             Began as a Merfolk Berserker on July 12, 2021.
             Was a High Priest of Trog.
             Slain by a dire elephant simulacrum (14 damage)
             ... in an ice cave.
             The game lasted 00:27:47 (12388 turns).

jejorda2 the Impaler (Merfolk Berserker)           Turns: 12388, Time: 00:27:48

Health: -1/136     AC: 17    Str: 21    XL:     12   Next: 69%
Magic:  12/12      EV: 13    Int:  8    God:    Trog [*****.]
Gold:   861        SH:  5    Dex: 13    Spells: 11/11 levels left

rFire    x . .     SeeInvis .   b - +1 halberd (flame)
rCold    + + .     Faith    .   (shield currently unavailable)
rNeg     . . .     Spirit   .   u - +5 ring mail of Giemiac {Will+}
rPois    .         Reflect  +   x - +2 hat
rElec    .         Harm     .   J - +0 cloak
rCorr    .         Rampage  .   (no gloves)
Will     +....                  i - +1 pair of boots
Stlth    ..........             m - amulet of reflection
HPRegen  0.32/turn              g - ring of protection from cold
MPRegen  0.13/turn              j - ring of ice

@: berserking, very quick
A: (nimble swimmer 2), mertail
a: Renounce Religion, Berserk, Trog's Hand, Brothers in Arms


You were in an ice cave.
You worshipped Trog.
Trog was extremely pleased with you.
You visited 2 branches of the dungeon, and saw 12 of its levels.
You also visited: Sewer and Ice Cave.

You collected 889 gold pieces.
You spent 28 gold pieces at shops.

Inventory:

Hand Weapons
 a - a +3 halberd of freezing
 b - a +1 halberd of flaming (weapon)
 s - the +6 rapier of the Forgotten Shrikes {freeze, Fly Str+4}
   (You found it on level 8 of the Dungeon)

   It has been specially enchanted to freeze those struck by it, causing extra
   injury to most foes and up to half again as much damage against particularly
   susceptible opponents.
   It can also slow down cold-blooded creatures.
   Str:       It affects your strength (+4).
   Fly:       It grants you flight.
 w - a +2 antimagic halberd
Missiles
 e - 5 boomerangs (quivered)
 f - 61 poisoned darts
 F - 8 javelins
Armour
 i - a +1 pair of boots (worn)
 u - the +5 ring mail of Giemiac (worn) {Will+}
   (You found it on level 7 of the Dungeon)

   Will:      It increases your willpower.
 x - a +2 hat (worn)
 G - a +1 scale mail of cold resistance
 J - a +0 cloak (worn)
 K - a +2 buckler of cold resistance
Jewellery
 g - a ring of protection from cold (left hand)
 j - a ring of ice (right hand)
 m - an amulet of reflection (around neck)
 o - a ring of poison resistance
 y - a +4 ring of evasion
 H - a ring of willpower
Wands
 c - a wand of iceblast (20)
 t - a wand of flame (39)
 D - a wand of acid (20)
 L - a wand of digging (3)
Scrolls
 h - 7 scrolls of fog
 l - a scroll of fear
 E - 2 scrolls of teleportation
 I - 3 scrolls of identify
Potions
 d - a potion of cancellation
 k - a potion of invisibility
 n - a potion of resistance
 p - 5 potions of curing
 q - 2 potions of lignification
 r - 3 potions of heal wounds
 v - a potion of might
 z - 2 potions of magic
 A - a potion of haste
 B - 2 potions of attraction
 C - 8 potions of flight


   Skills:
 + Level 7.4 Fighting
 + Level 19.2 Polearms
 - Level 6.0 Throwing
 * Level 7.4 Armour
 - Level 6.0 Dodging
 - Level 6.0 Evocations


You had 11 spell levels left.
You didn't know any spells.
Your spell library was empty.

Dungeon Overview and Level Annotations

Branches:
Dungeon (10/15)            Temple (0/1) D:6            Lair (2/6) D:8
  Snake (0/4) Lair:2          Orc (0/2) D:10          Sewer (visited)
  IceCv (1/1)
  Swamp: Lair:2-4    Shoals: Lair:2-4

Altars:
Cheibriados
Dithmenos
Fedhas
Gozag
Kikubaaqudgha
Nemelex Xobeh
Okawaru
Sif Muna
Trog
Vehumet
Wu Jian
Yredelemnul
The Shining One

Shops:
D:8 :   D:9 *   D:10 *


Innate Abilities, Weirdness & Mutations

((You are quick and stealthy near water. (Stealth+, EV+, Speed+++)))
Your lower body shifts to a powerful aquatic tail in water.


Message History

The ice devil hits you but does no damage.
The dire elephant simulacrum tramples you!!
The dire elephant simulacrum freezes you!
You resist.
The dire elephant simulacrum trunk-slaps you.
The dire elephant simulacrum freezes you!
You resist.
A red film seems to cover your vision as you go berserk!
You feel yourself moving faster!
You feel mighty!
The ice devil hits you but does no damage.
You hit the ice devil but do no damage.
The ice devil is moderately wounded.
You impale the ice devil!! You burn the ice devil.
The ice devil is almost dead.
The ice devil hits you. The ice devil freezes you. You resist.
You completely miss the ice devil.
The ice devil is almost dead.
You hit the ice devil. You burn the ice devil.
The ice devil is almost dead.
The ice devil misses you.
You impale the ice devil!! You burn the ice devil.
You kill the ice devil!
Trog accepts your kill.
The dire elephant simulacrum tramples you but does no damage.
The dire elephant simulacrum misses you.
You puncture the dire elephant simulacrum!
You melt the dire elephant simulacrum!
The dire elephant simulacrum is heavily damaged.
You hit the dire elephant simulacrum.
You melt the dire elephant simulacrum.
The dire elephant simulacrum is heavily damaged.
The dire elephant simulacrum tramples you!
* * * LOW HITPOINT WARNING * * *
The dire elephant simulacrum freezes you!
You resist.
* * * LOW HITPOINT WARNING * * *
The dire elephant simulacrum trunk-slaps you!
* * * LOW HITPOINT WARNING * * *
The dire elephant simulacrum freezes you!
You resist.
You die...

. #.'...:#......##
_. ###...##....#..#
... #..##....##.##
....
#####...)..##..##
.....
#..###....####..#
......#...###.###
#..## #
#...Z#..#### ##.##
##≈ ##...#.Z# ##..#
#≈≈ ##.##@.# #..##
#≈≈###### ###..##
##.## #≈≈.#...##
##..###### #..#
#......# #..## #..#
##.##
##..#..####..###(.#
#..# ##...##..#
##..#8..## #..#
##...####.##
##......# ##.#
##...## #..##
#......####..#
#...## ##..#
#.......##..##


You could see a dire elephant simulacrum.

Vanquished Creatures
  A two-headed ogre (D:10)
  A centaur warrior (D:10)
  A deep elf zephyrmancer (D:9)
  A necromancer (IceCv)
  An ice statue (IceCv)
  A cane toad (Lair:1)
  3 freezing wraiths (IceCv)
  3 komodo dragons
  2 rime drakes (Lair:2)
  3 anaconda simulacra (IceCv)
  12 ice devils (IceCv)
  A troll (D:9)
  A slime creature (D:7)
  4 blink frogs
  24 yaks
  A dire elephant simulacrum (IceCv)
  2 death yak simulacra (IceCv)
  Eustachio (D:5)
  Menkaure (D:5)
  A harpy simulacrum (IceCv)
  3 water moccasins
  3 black bears
  An ice beast (D:5)
  5 orc warriors
  A sky beast (D:7)
  3 necrophages
  5 centaurs
  2 kobold brigands
  6 bullfrogs
  3 scorpions
  2 two-headed ogre simulacra (IceCv)
  7 cane toad simulacra (IceCv)
  A water moccasin skeleton (D:5)
  2 elephant simulacra (IceCv)
  5 killer bees (D:9)
  12 wights
  A howler monkey (D:9)
  5 centaur zombies
  2 hounds
  A centaur skeleton (D:4)
  7 orc priests
  A gnoll shaman (D:5)
  4 iguanas
  A scorpion zombie (D:5)
  Terence (D:2)
  6 orc wizards
  3 polar bear simulacra (IceCv)
  A spriggan simulacrum (IceCv)
  3 killer bee zombies
  4 wolf simulacra (IceCv)
  3 gnolls (D:5)
  18 adders
  2 naga simulacra (IceCv)
  A river rat (D:5)
  2 white imps
  3 ufetubi (D:5)
  An adder skeleton (D:4)
  5 worms
  2 dart slugs
  49 orcs
  9 endoplasms
  7 giant cockroaches
  10 goblins
  7 hobgoblins
  8 jackals
  2 quokkas
  8 ball pythons
  14 bats
  4 frilled lizards
  A jackal skeleton (D:4)
  13 kobolds
  9 rats
344 creatures vanquished.

Vanquished Creatures (collateral kills)
  A yak (D:6)
1 creature vanquished.

Vanquished Creatures (others)
  A wizard (D:5)
  2 fungi
  4 plants
7 creatures vanquished.

Grand Total: 352 creatures vanquished

Notes
Turn   | Place    | Note
-------+----------+-------------------------------------------
     0 | D:1      | jejorda2 the Merfolk Berserker began the quest for the Orb.
     0 | D:1      | Reached XP level 1. HP: 18/18 MP: 1/1
   281 | D:1      | You fall into a shaft and drop 1 floor!
   291 | D:2      | Reached skill level 5 in Polearms
   291 | D:2      | Reached XP level 2. HP: 21/24 MP: 2/2
   315 | D:2      | Reached XP level 3. HP: 29/29 MP: 3/3
   822 | D:2      | Reached ** piety under Trog
   988 | D:2      | Reached skill level 6 in Polearms
   988 | D:2      | Reached XP level 4. HP: 26/37 MP: 4/4
  1142 | D:2      | You fall into a shaft and drop 2 floors!
  1144 | D:4      | Noticed a scorpion
  1159 | D:4      | Killed a scorpion
  1160 | D:4      | Reached XP level 5. HP: 42/42 MP: 5/5
  1214 | D:4      | Noticed a necrophage
  1232 | D:4      | Killed a necrophage
  1233 | D:4      | Reached skill level 7 in Polearms
  1233 | D:4      | Reached XP level 6. HP: 49/49 MP: 6/6
  1412 | D:3      | Found a shadowy altar of Dithmenos.
  1436 | D:2      | Noticed Terence
  1441 | D:2      | Killed Terence
  2887 | D:4      | Noticed a black bear
  2902 | D:4      | Killed a black bear
  2903 | D:4      | Reached skill level 5 in Fighting
  2903 | D:4      | Reached skill level 8 in Polearms
  3103 | D:4      | Reached XP level 7. HP: 48/56 MP: 7/7
  3208 | D:4      | Found an iron altar of Okawaru.
  3283 | D:5      | Entered Level 5 of the Dungeon
  3302 | D:5      | Reached *** piety under Trog
  3360 | D:5      | Found a glowing drain.
  3366 | Sewer    | Entered a sewer
  3766 | Sewer    | Reached skill level 9 in Polearms
  4061 | D:5      | Noticed Menkaure
  4070 | D:5      | Killed Menkaure
  4070 | D:5      | Noticed Eustachio
  4202 | D:5      | Found a bloodstained altar of Trog.
  4203 | D:5      | Noticed a wizard
  4208 | D:5      | Reached XP level 8. HP: 64/64 MP: 8/8
  4211 | D:5      | Killed a wizard
  4221 | D:5      | Reached **** piety under Trog
  4222 | D:5      | Reached skill level 10 in Polearms
  4283 | D:5      | Killed Eustachio
  4579 | D:5      | Found a shimmering blue altar of Sif Muna.
  4743 | D:5      | Identified the +9 mace of Dominance {vorpal, Fragile Int-3
                  | Dex+8 Stlth+}
  4807 | D:6      | Reached skill level 11 in Polearms
  5224 | D:6      | Found a staircase to the Ecumenical Temple.
  5521 | D:6      | Noticed a yak
  5521 | D:6      | Noticed a yak
  5522 | D:6      | Noticed a yak
  5522 | D:6      | Noticed a yak
  5522 | D:6      | Noticed a yak
  5522 | D:6      | Noticed a yak
  5527 | D:6      | Killed a yak
  5528 | D:6      | Reached skill level 12 in Polearms
  5528 | D:6      | Reached XP level 9. HP: 69/69 MP: 9/9
  5535 | D:6      | Reached skill level 5 in Dodging
  5543 | D:6      | Reached skill level 13 in Polearms
  5591 | D:6      | Found a radiant altar of Vehumet.
  5595 | D:6      | Found an opulent altar of Gozag.
  5604 | D:6      | Found a basalt altar of Yredelemnul.
  5621 | D:6      | Found an ancient bone altar of Kikubaaqudgha.
  5625 | D:6      | Found a glowing golden altar of the Shining One.
  5798 | D:6      | Reached skill level 5 in Armour
  5801 | D:6      | Found a snail-covered altar of Cheibriados.
  6088 | D:7      | Identified the +5 ring mail of Giemiac {Will+}
  6153 | D:7      | Reached ***** piety under Trog
  6163 | D:7      | Reached skill level 14 in Polearms
  6259 | D:7      | Reached XP level 10. HP: 70/76 MP: 10/10
  6628 | D:8      | Identified the +6 rapier of the Forgotten Shrikes {freeze,
                  | Fly Str+4}
  6936 | D:8      | Reached skill level 15 in Polearms
  7000 | D:8      | Found a staircase to the Lair.
  7218 | D:8      | Found Apnuppak's Book Shop.
  7228 | D:8      | Identified the +0 trident of Pucrygin {vorpal, +Rage rN+
                  | Str-3}
  7328 | D:9      | Found a blossoming altar of Fedhas.
  7465 | D:9      | Found a sparkling altar of Nemelex Xobeh.
  7577 | D:9      | Received a gift from Trog
  7809 | D:9      | Found Kontouqy's General Store.
  7815 | D:9      | Bought a scroll of identify for 28 gold pieces
  7923 | D:9      | Reached skill level 16 in Polearms
  8001 | D:9      | Noticed a deep elf zephyrmancer
  8011 | D:9      | Killed a deep elf zephyrmancer
  8012 | D:9      | Reached skill level 17 in Polearms
  8272 | D:10     | Entered Level 10 of the Dungeon
  8384 | D:10     | Found Ibexuni's General Store.
  8415 | D:10     | Reached skill level 1 in Throwing
  8415 | D:10     | Reached skill level 1 in Evocations
  8426 | D:10     | Reached XP level 11. HP: 64/81 MP: 11/11
  8513 | D:10     | Noticed a two-headed ogre
  8524 | D:10     | Killed a two-headed ogre
  8554 | D:10     | Found an ornate altar of the Wu Jian Council.
  8731 | D:10     | Found a staircase to the Orcish Mines.
  9047 | D:10     | Noticed a centaur warrior
  9063 | D:10     | Killed a centaur warrior
  9505 | Lair:1   | Entered Level 1 of the Lair of Beasts
  9560 | D:8      | Reached skill level 18 in Polearms
  9872 | Lair:1   | Reached skill level 5 in Throwing
  9872 | Lair:1   | Reached skill level 5 in Evocations
  9872 | Lair:1   | Received a gift from Trog
 10854 | Lair:2   | Found a frozen archway.
 10866 | Lair:2   | Reached XP level 12. HP: 56/88 MP: 12/12
 10913 | IceCv    | Entered an ice cave
 11351 | IceCv    | Found an ancient bone altar of Kikubaaqudgha.
 11842 | IceCv    | Reached skill level 19 in Polearms
 12388 | IceCv    | Slain by a dire elephant simulacrum

Illustrated notes

Levels and vault maps discovered:
D:1:      erik_arrival_blinker_ship, layout_basic
D:2:      minmay_chambers_of_ones, layout_basic, corexii_leaking_fountain,
          hex_large, ebering_dispersal_statue_hall, uniq_terence
D:3:      layout_loops_ring, mainiacjoe_overflow_small_starburst
D:4:      layout_rooms, kennysheep_okawaru_gauntlet, eino_tiny_chamber
D:5:      layout_basic, trog_wizard, led_sif_pool, lightli_sewer_entry_pipes,
          uniq_eustachio, uniq_menkaure
D:6:      layout_rooms, marbit_many_paths, minmay_overflow_temple_star_hex,
          minmay_temple_entry_overgrown, grunt_decor_one_mirror, st_stairs_8
D:7:      layout_cave_pools, minmay_manual_moon
D:8:      layout_basic, dpeg_oklobed_lair, serial_shops, shop,
          minmay_diced_spiral
D:9:      layout_roguey, mainiacjoe_overflow_alcove_1,
          overflow_temple_1_default, serial_shops, kennysheep_little_box,
          guppyfry_early_elven_hall
D:10:     layout_basic, nicolae_wu_jian_wuxing_cycle, hiddenorc2_lemuel,
          nicolae_take_the_stairs
Lair:1:   layout_cave_pods, infiniplex_staircase_pool_2, grunt_megastairs_3,
          serial_bayou_shore_b, serial_bayou_shore_b
Lair:2:   gammafunk_indiana_jones, layout_chaotic_city,
          guppyfry_snake_entry_garden, portal_ice_cave_rime,
          serial_bayou_lagoon_a, chequers_serial_rivers_micro_b
IceCv:    ice_cave_small_necro

Skill      XL: |  1  2  3  4  5  6  7  8  9 10 11 12 |
---------------+-------------------------------------+-----
Polearms       | 5 6 7 8 9 12 14 17 18 19 | 19.2
Fighting       | 4 5 6 7 |  7.4
Armour         | 2 3 4 5 6 7 |  7.4
Dodging        | 4 6 |  6.0
Throwing       | 1 5 6 |  6.0
Evocations     | 1 5 6 |  6.0

Action                   |  1- 3 |  4- 6 |  7- 9 | 10-12 || total
-------------------------+-------+-------+-------+-------++-------
Melee: Spear             |   131 |   153 |   315 |       ||   599
       Tailslap          |       |       |     7 |     7 ||    14
       Halberd           |       |       |   177 |   632 ||   809
Throw: Dart              |       |       |    11 |     2 ||    13
       Boomerang         |       |       |       |     6 ||     6
Invok: Berserk           |     1 |     4 |     5 |    10 ||    20
       Trog's Hand       |       |     1 |     1 |     2 ||     4
       Brothers in Arms  |       |       |     1 |     1 ||     2
  Use: Scroll            |       |       |    18 |     6 ||    24
Armor: Ring mail         |    26 |     4 |     7 |   133 ||   170
       Chain mail        |       |     9 |   138 |       ||   147
       Scale mail        |       |     6 |       |       ||     6
Dodge: Dodged            |    59 |    43 |   217 |   295 ||   614
Block: Other             |       |    13 |    73 |    87 ||   173
       Reflection        |       |       |       |     6 ||     6

Table legend: (Time is in decaauts)
 A = Elapsed time spent in this place.
 B = Non-inter-level travel time spent in this place.
 C = Inter-level travel time spent in this place.
 D = Time resting spent in this place.
 E = Time spent auto-exploring this place.
 F = Levels seen in this place.
 G = Mean time per level.
                   A        B        C        D        E       F      G
               +--------+--------+--------+--------+--------+-----+--------+
         Total |  12050 |  11569 |    481 |   1911 |   7517 |  14 |  860.7 |
       Dungeon |   9043 |   8630 |    413 |    929 |   6154 |  10 |  904.3 |
          Lair |   1175 |   1107 |     68 |    219 |    738 |   2 |  587.5 |
         Sewer |    383 |    383 |      0 |     27 |    231 |   1 |  383.0 |
      Ice Cave |   1448 |   1448 |      0 |    734 |    394 |   1 | 1448.0 |
               +--------+--------+--------+--------+--------+-----+--------+

Top non-repeatable levels by time:
   IceCv: 1448 daAuts
     D:2: 1193 daAuts
    D:10: 1149 daAuts
  Lair:1: 1078 daAuts
     D:6: 990 daAuts
     D:5: 965 daAuts
     D:8: 952 daAuts
     D:9: 941 daAuts
     D:4: 782 daAuts
     D:7: 703 daAuts
     D:1: 693 daAuts
     D:3: 671 daAuts
   Sewer: 383 daAuts
  Lair:2: 97 daAuts
